 Dungeon Crawl Stone Soup version 0.29.1-4-g47bece8355 (webtiles) character file.

Game seed: 10801254740237746476

5933 KittyFluff the Basher (level 10, -20/91 HPs)
             Began as a Gargoyle Berserker on Dec 1, 2022.
             Was a Priest of Trog.
             Demolished by a yaktaur captain
             ... wielding the +5 shortbow of Dishonesty {flame, rN++}
              (22 damage)
             ... on level 10 of the Dungeon.
             The game lasted 00:52:34 (10603 turns).

KittyFluff the Basher (Gargoyle Berserker)         Turns: 10603, Time: 00:52:35

Health: -20/91     AC: 17    Str: 20    XL:     10   Next: 83%
Magic:  10/10      EV: 21    Int: 13    God:    Trog [***...]
Gold:   1254       SH: 10    Dex: 13    Spells: 9/9 levels left

rFire   . . .      SeeInvis .   a - +0 mace
rCold   . . .      Faith    .   T - +0 buckler
rNeg    + . .      Spirit   .   v - +3 leather armour of Wu Jian's Regard {Rampage Int+4 Slay+5 Stlth+}
rPois   ∞          Reflect  +   (no helmet)
rElec   +          Harm     .   d - +0 cloak
rCorr   .          Rampage  +   (no gloves)
Will    .....                   R - +1 pair of boots {Fly}
Stlth   ..........              O - amulet of reflection
HPRegen 0.25/turn               h - +4 ring of evasion
MPRegen 0.12/turn               A - +4 ring of evasion

@: berserking, flying, very quick
A: sickness immunity, AC +7, negative energy resistance 1, electricity
resistance, torment resistance 1, petrification resistance
a: Renounce Religion, Berserk, Trog's Hand


You were on level 10 of the Dungeon.
You worshipped Trog.
Trog was most pleased with you.
You visited 1 branch of the dungeon, and saw 10 of its levels.
You also visited: Bailey.

You collected 1320 gold pieces.
You spent 66 gold pieces at shops.

Inventory:

Hand Weapons
 a - a +0 mace (weapon)
 u - a +0 sling
 D - a +3 long sword of flaming
 F - a +0 morningstar
 U - a +2 antimagic flail
 V - a +0 dire flail
Missiles
 m - 58 stones
 s - 2 silver boomerangs
 t - 5 javelins
 w - 24 boomerangs (quivered)
 N - 6 silver javelins
Armour
 d - a +0 cloak (worn)
 v - the +3 leather armour of Wu Jian's Regard (worn) {Rampage Int+4 Slay+5 Stlth+}
   (You found it on level 4 of the Dungeon)

   Int:       It affects your intelligence (+4).
   Slay:      It affects your accuracy & damage with ranged weapons and melee
   (+5).
   Rampage:   It bestows one free step when moving towards enemies.
   Stlth:     It makes you more stealthy.
 y - a +0 leather armour
 B - a +0 kite shield
 E - +0 swamp dragon scales
 R - a +1 pair of boots of flying (worn)
 T - a +0 buckler (worn)
 X - a +1 ring mail of poison resistance
Jewellery
 h - a +4 ring of evasion (left hand)
 A - a +4 ring of evasion (right hand)
 I - a ring of ice
 O - an amulet of reflection (around neck)
Wands
 b - a wand of iceblast (24)
 z - a wand of mindburst (13)
 G - a wand of charming (16)
 L - a wand of light (4)
 M - a wand of polymorph (10)
Scrolls
 f - a scroll of fear {unknown}
 j - 4 scrolls of blinking
 l - a scroll of summoning {unknown}
 n - 2 scrolls of butterflies {unknown}
 r - a scroll of immolation {unknown}
 x - 3 scrolls of teleportation
 C - a scroll of enchant weapon {unknown}
 H - a scroll of silence {unknown}
 K - a scroll of amnesia {unknown}
 S - a scroll of poison {unknown}
 W - 2 scrolls of magic mapping {unknown}
 Y - a scroll of noise {unknown}
Potions
 c - 2 potions of cancellation
 e - 3 potions of heal wounds
 g - 2 potions of might
 i - 3 potions of lignification
 k - 6 potions of flight
 o - 4 potions of haste {unknown}
 p - 3 potions of ambrosia
 q - 7 potions of curing
 J - 2 potions of resistance {unknown}
 P - a potion of mutation {unknown}
 Q - a potion of berserk rage {unknown}


   Skills:
 + Level 6.7 Fighting
 + Level 9.2 Maces & Flails
 * Level 5.0 Throwing
 * Level 7.8 Armour
 + Level 4.7 Dodging
 + Level 4.0 Stealth
 * Level 5.7 Shields


You had 9 spell levels left.
You didn't know any spells.
Your spell library was empty.

Dungeon Overview and Level Annotations

Branches:
Dungeon (10/15)            Temple (0/1) D:5            Lair (0/5) D:9
 Bailey (visited)
    Orc: D:9-12

Altars:
Kikubaaqudgha

Shops:
D:2 :   D:4 *


Innate Abilities, Weirdness & Mutations

You are immune to sickness and miasma.
Your stone body is resilient. (AC +7)
You are immune to poison.
You resist negative energy. (rN+)
You are resistant to electric shocks. (rElec)
You are resistant to unholy torment.
You are immune to petrification.


Message History

The yaktaur captain shouts!
The yaktaur captain shoots an arrow.
The arrow hits you!! The arrow burns you!
You reach down and close the door.
You start resting.
A yaktaur captain opens the door.
It is wielding the +5 shortbow of Dishonesty {flame, rN++}.
A red film seems to cover your vision as you go berserk!
You feel yourself moving faster!
You feel mighty!
The yaktaur captain shoots an arrow.
The arrow hits you!!
* * * LOW HITPOINT WARNING * * *
The arrow burns you.
* * * LOW HITPOINT WARNING * * *
You rampage towards the yaktaur captain!
You sock the yaktaur captain!
The yaktaur captain is lightly wounded.
The yaktaur captain misses you.
You thump the yaktaur captain!
The yaktaur captain is moderately wounded.
The yaktaur captain hits you with the +5 shortbow of Dishonesty {flame, rN++}.
* * * LOW HITPOINT WARNING * * *
You hit the yaktaur captain.
The yaktaur captain is moderately wounded.
You block the yaktaur captain's attack.
You sock the yaktaur captain!
The yaktaur captain is heavily wounded.
You barely miss the yaktaur captain.
The yaktaur captain is heavily wounded.
The yaktaur captain hits you with the +5 shortbow of Dishonesty {flame, rN++}.
* * * LOW HITPOINT WARNING * * *
You barely miss the yaktaur captain.
The yaktaur captain is moderately wounded.
The yaktaur captain misses you.
You bludgeon the yaktaur captain!!
The yaktaur captain is severely wounded.
You hit the yaktaur captain.
The yaktaur captain is severely wounded.
The yaktaur captain completely misses you.
You hit the yaktaur captain.
The yaktaur captain is severely wounded.
The yaktaur captain hits you with the +5 shortbow of Dishonesty {flame, rN++}!!
You die...

######'##...#
#...#...#...#
+..)'...#...#####
#...#...#..>.....
######'##...#####
#[..#...#.#.#
#...'.(.#...# #(.
#†c.#.### ###
##@##'## #)..#..##
+...#...##
#...#....##
#############...^.#
#.......'.........+
##...####.........#
#######..##
##.......##
#.........#
##.....##


You could see a yaktaur captain.

Vanquished Creatures
  A boulder beetle (D:10)
  A centaur warrior (D:10)
  A tengu warrior (D:10)
  A cyclops (D:10)
  Maggie (D:7)
  2 water moccasins
  6 orc warriors
  2 black bears
  An ice beast (D:7)
  2 ogres
  5 centaurs
  A phantom (D:7)
  2 scorpions
  2 bullfrogs
  A necrophage (D:5)
  2 gnoll sergeants
  9 wights
  3 killer bees (D:9)
  2 howler monkeys (D:9)
  A jelly (D:6)
  A hound (D:5)
  5 orc priests
  3 iguanas
  7 orc wizards
  5 adders
  10 gnolls
  A white imp (D:8)
  An ufetubus (D:4)
  2 worms
  A dart slug (D:4)
  24 orcs
  9 ball pythons
  4 bats
  11 endoplasms
  3 giant cockroaches
  11 goblins
  10 hobgoblins
  2 jackals (D:2)
  4 quokkas
  3 frilled lizards (D:1)
  22 kobolds
  5 rats
  A bush (D:7)
191 creatures vanquished.

Notes
Turn   | Place    | Note
-------+----------+-------------------------------------------
     0 | D:1      | KittyFluff the Gargoyle Berserker began the quest for the
                  | Orb.
     0 | D:1      | Reached XP level 1. HP: 14/14 MP: 1/1
   166 | D:1      | Reached XP level 2. HP: 9/19 MP: 2/2
   671 | D:1      | Reached XP level 3. HP: 23/23 MP: 3/3
   673 | D:1      | Found a faded altar of an unknown god.
   801 | D:1      | Reached ** piety under Trog
  1430 | D:2      | Found Qaby's Book Boutique.
  2354 | D:3      | HP: 1/23 [orc/+0 short sword of protection (3)]
  2360 | D:3      | Reached XP level 4. HP: 1/28 MP: 4/4
  2955 | D:3      | Reached skill level 4 in Maces & Flails
  2980 | D:3      | Reached XP level 5. HP: 12/33 MP: 5/5
  3493 | D:4      | Found Coolugaxau's General Store.
  3773 | D:4      | Identified the +3 leather armour of Wu Jian's Regard
                  | {Rampage Int+4 Slay+5 Stlth+}
  3837 | D:4      | Bought 5 boomerangs for 30 gold pieces
  3837 | D:4      | Bought a scroll of teleportation for 36 gold pieces
  3982 | D:4      | Noticed a black bear
  3994 | D:4      | Killed a black bear
  3995 | D:4      | Reached XP level 6. HP: 38/38 MP: 6/6
  4085 | D:4      | Reached skill level 5 in Maces & Flails
  4091 | D:4      | Reached *** piety under Trog
  4295 | D:5      | Entered Level 5 of the Dungeon
  4503 | D:5      | Found an ancient bone altar of Kikubaaqudgha.
  4550 | D:5      | Found a staircase to the Ecumenical Temple.
  4601 | D:5      | Reached skill level 1 in Stealth
  4601 | D:5      | Reached XP level 7. HP: 39/44 MP: 7/7
  4895 | D:5      | Reached skill level 6 in Maces & Flails
  5050 | D:6      | Reached skill level 5 in Fighting
  5050 | D:6      | Reached XP level 8. HP: 10/49 MP: 8/8
  5408 | D:6      | Reached skill level 5 in Armour
  5680 | D:7      | Noticed Maggie
  5689 | D:7      | Killed Maggie
  5690 | D:7      | Reached skill level 7 in Maces & Flails
  5690 | D:7      | Reached skill level 1 in Shields
  6473 | D:7      | Reached XP level 9. HP: 19/55 MP: 9/9
  7246 | D:8      | Reached skill level 8 in Maces & Flails
  7451 | D:8      | Found a flagged portal.
  7472 | Bailey   | Entered a bailey
  7563 | Bailey   | Reached skill level 1 in Throwing
  7592 | Bailey   | Reached **** piety under Trog
  9108 | D:9      | Reached XP level 10. HP: 61/61 MP: 10/10
  9108 | D:9      | Found a staircase to the Lair.
 10219 | D:10     | Entered Level 10 of the Dungeon
 10274 | D:10     | Noticed a boulder beetle
 10297 | D:10     | Killed a boulder beetle
 10298 | D:10     | Reached skill level 5 in Shields
 10379 | D:10     | Noticed a tengu warrior
 10391 | D:10     | Killed a tengu warrior
 10392 | D:10     | Noticed a yaktaur captain
 10446 | D:10     | Identified the +5 shortbow of Dishonesty {flame, rN++}
 10468 | D:10     | Noticed a cyclops
 10474 | D:10     | Killed a cyclops
 10475 | D:10     | Reached skill level 9 in Maces & Flails
 10538 | D:10     | Noticed a centaur warrior
 10545 | D:10     | Killed a centaur warrior
 10546 | D:10     | Reached skill level 5 in Throwing
 10596 | D:10     | HP: 2/91 [yaktaur captain/the +5 shortbow of Dishonesty
                  | {flame, rN++} (4)]
 10603 | D:10     | Demolished by a yaktaur captain

Illustrated notes

Levels and vault maps discovered:
D:1:      wander_arrival_fairy_ring, layout_basic,
          hellmonk_ecumenical_altar_crossroads, hex_large,
          roderic_serpentine_path
D:2:      layout_loops_corners, serial_shops, nicolae_lakefront_shop
D:3:      layout_loops_ring
D:4:      layout_rooms, serial_shops, shop
D:5:      layout_loops_cross, lemuel_coloured_pillars_altar, temple_green
D:6:      layout_cave_pools
D:7:      layout_basic, kb_lookout_dungeons_type, minmay_misc_feat_square,
          uniq_maggie
D:8:      layout_cave_pools, enter_bailey_4
D:9:      layout_stronghold, lair_entry_dummy
D:10:     layout_loops_corners, nicolae_overflow_hidden_temple, orc_0_dummy,
          minmay_evil_grid

Skill      XL: |  1  2  3  4  5  6  7  8  9 10 |
---------------+-------------------------------+-----
Dodging        | 2 3 4 |  4.7
Maces & Flails | 4 5 6 7 8 9 |  9.2
Armour         | 3 4 5 7 |  7.8
Fighting       | 4 5 6 |  6.7
Stealth        | 1 2 3 4 |  4.0
Shields        | 2 3 5 |  5.7
Throwing       | 3 5 |  5.0

Action                   |  1- 3 |  4- 6 |  7- 9 | 10-12 || total
-------------------------+-------+-------+-------+-------++-------
Melee: Mace              |   132 |   152 |   294 |   108 ||   686
       Punch             |       |     3 |     3 |       ||     6
Throw: Stone             |       |     6 |       |       ||     6
       Boomerang         |       |       |    89 |     4 ||    93
Invok: Berserk           |       |     3 |     4 |     5 ||    12
  Use: Scroll            |     1 |     3 |     4 |     1 ||     9
 Stab: Sleeping          |       |     2 |     4 |     2 ||     8
Armor: Animal skin       |    62 |    36 |       |       ||    98
       Leather armour    |       |    27 |   110 |    22 ||   159
Dodge: Dodged            |    84 |    78 |   322 |    64 ||   548
Block: Buckler           |       |       |    25 |    42 ||    67
       Other             |       |       |    13 |       ||    13
       Reflection        |       |       |     2 |     1 ||     3
